Workbook
Name OLE_LINK2: 'Combination Summary'!#REF!
Name OLE_LINK2: 'Gortin BOQ Combination'!$B$1
Name OLE_LINK2: Summary!#REF!

Sheet Gortin BOQ Combination
B1: Contract No.: MLM 18/2022/23
B2: `
B3: ITEM | C3: DESCRIPTION | D3: UNIT | E3: QTY | F3: RATE | G3: AMOUNT
B5: 1200 | C5: SECTION 1200: GENERAL REQUIREMENTS & PROVISIONS
B6: PS 12.01 | C6: Locating existing services (known and unknown) | D6: No. | E6: 20
B7: PS 12.02 | C7: Quality control tests ordered by Engineer | D7: Lump Sum | E7: 1
B8: PS12.03 | C8: Charges and profit on PS12.02 | D8: %
B9: PS 12.04 | C9: Standing time cost | D9: Day
B10: PS12.05 | C10: Remuneration of Liaison Office (CLO)
C11: (a) Remuneration of CLO (based on /month incl. cellphone and traveling allowance) | D11: Month | E11: 9
B12: PS12.06 | C12: Contractor's obligations i.r.o. emerging Contractors | D12: Lump Sum | E12: 1
B13: PS12.07 | C13: Wages and salaries of local and other labourer employed by the Contractor and Emerging Contractor i.r.o. training periods
C14: (b) Accredited training courses for selected local and other labourers including Wages during training periods | D14: Prov Sum | E14: 1 | F14: 200000
C15: (c) Contractors charge to allow for | D15: % | E15: =F14 -> 200000
B16: PS12.08 | C16: Relocating of measured by length services
C17: (a) Relocating water services | D17: km | E17: 2.1
C18: (b) Relocating sewer services | D18: km | E18: 2.1
B19: PS12.09 | C19: (a) Relocate other services (eg. Telkom) | D19: Prov Sum | E19: 1
C20: (b) Charges for profit on PS12.09(a) | D20: %
B21: PS12.10 | C21: Contract Notice Board (as directed by Engineer) | D21: No. | E21: 1
B22: PS12.11 | C22: Complying with safety specification and Contractor safety plan (OHS) | D22: Prov Sum | E22: 1 | F22: 150000
B23: PS12.12 | C23: (a) Implementation of Site Management | D23: Prov Sum | E23: 1 | F23: 150000
C24: (b) (i) Audit of Site Management System | D24: Lump Sum | E24: 1
C25: (ii) Profit on above item PS12.12(b) | D25: %
B26: PS12.13 | C26: SETA Accredited skill training and student for in-service training | D26: Prov Sum | E26: 1 | F26: 150000
C27: (ii) Profit on above item PS12.13 | D27: % | E27: =F26 -> 150000
B29: PS12.14 | C29: (a) Payment of personal security | D29: Prov Sum | E29: 1 | F29: 150000
F31: TO SUMMARY
B32: 1300 | C32: SECTION 1300: CONTRACTORS ESTABLISHMENT ON SITE AND GENERAL OBLIGATIONS
B33: PS13.01 | C33: (a) Fixed obligations | D33: Incl. | E33: 1
C34: (b) Value-related obligations | D34: Incl. | E34: 0
C35: (c) Time-related obligations | D35: Incl. | E35: 0
C36: (d) Provision of offices and related items | D36: Incl. | E36: 0
F38: TO SUMMARY
B40: 1500 | C40: SECTION 1500: ACCOMMODATION OF TRAFFIC
B41: PS15.01 | C41: Accommodating traffic and maintaining temporary deviations | D41: km | E41: 2.1
B42: PS15.03 | C42: Temporary traffic control facilities | E42: .
C43: (a) Flagmen | D43: Man-day | E43: 360
C44: (b) Portable STOP and GO-RY signs | D44: No. | E44: 4
C45: (d) Amber flicker lights | D45: No. | E45: 12
C46: (e) Road signs, R- and TR series, | D46: No. | E46: 12
C47: (f) Road signs, TW-series (1 500mm | D47: No. | E47: 12
C48: (g) Road signs, STW-DTG, TGS and | D48: m² | E48: 14
C49: (h) Delineators (TW401/TW402),
C50: 600mm x 150mm
C51: (ii) Mounted back to back | D51: No. | E51: 14
C52: (i) Movable barricade/road sign | D52: No. | E52: 8
C53: (j) Traffic cones (750mm high) | D53: No. | E53: 40
C54: (n) Other signs or facilities
C55: (i) Provision of other signs or facilities | D55: Prov Sum | E55: 1 | F55: 50000
F56: TO SUMMARY
B58: 1600 | C58: SECTION 1600: OVERHAUL
B59: PS16.03 | C59: Overhaul on material hauled in excess of a free-haul distance 10km (ordinary overhaul) | D59: m³-km | E59: 11527.5
F60: TO SUMMARY
B67: 1700 | C67: SECTION 1700: CLEARING AND GRUBBING
B68: 17.01 | C68: Clearing and grubbing | D68: m² | E68: 18060
B69: 17.02 | C69: Removal and grubbing or large trees and tree stumps:
C70: (a) Girth exceeding 1m up to and | D70: No. | E70: 5
F71: TO SUMMARY
B72: 2100 | C72: SECTION 2100: DRAINS
B73: 21.01 | C73: Excavation for open drains
C74: (a) Excavating soft material situated
C75: within the following depth ranges
C76: below the surface level:
C77: (i) 0m to 1.5m | D77: m³ | E77: 2040
F82: TO SUMMARY
B84: 2300 | C84: SECTION 2300: CONCRETE KERBING, CONCRETE CHANNELLING, CHUTES AND DOWNPIPES, AND CONCRETE LININGS FOR OPEN DRAINS
B85: 23.01 | C85: Concrete kerbing
C86: (a) Precast kerbing to SABS 927
C87: (iii) Figure 8 kerb (all types) | D87: m | E87: 4200
B88: 23.07 | C88: Trimming of excavations for concrete-lined open drains
C89: (a) In soft material | D89: m² | E89: 1320
C90: (b) In hard material | D90: m²
B91: 23.08 | C91: Concrete lining for open drains
C92: (a) Cast in-situ concrete lining Class
C93: 25/19
C94: (2) Vee drain
C95: (i) Narrow side drain type v5 - v8 | D95: m³ | E95: 264
B96: 23.09 | C96: Formwork to cast in situ concrete lining for open drains (Class F2 surface finish)
C97: (a) To sides with formwork on the | D97: m² | E97: 264
B98: 23.1 | C98: Sealed joints in concrete linings of open drains
C99: (b) Polyurethane-based sealant | D99: m | E99: 1320
C100: (c) Welded steel fabric | D100: kg | E100: 10428
B102: 3300 | C102: SECTION 3300: MASS EARTHWORKS
B103: PS33.01 | C103: Cut and borrow to fill, including free-haul up to 10km
C104: (a) Gravel material in compacted layer
C105: thickness of 200mm and less
C106: (i) Compacted to 90% MOD. AASHTO | D106: m³ | E106: 2173.5
C107: (g) Supply and compact dump rock | D107: m³ | E107: 3162
C108: (h) Fill from commercial sources | D108: m³ | E108: 151.2
B109: 33.03 | C109: Extra-over item 33.01 for excavating and breaking down material in:
C110: (a) Soft excavation | D110: m³ | E110: 5335.5
C111: (b) Intermediate excavation | D111: m³ | E111: 1333.875
C112: (c) Hard excavation | D112: m³ | E112: 533.55
B113: 33.1 | C113: Roadbed preparation and the compaction of material:
C114: (b) Compaction to 93% MOD. AASTHO | D114: m³ | E114: 2079
B115: 33.13 | C115: Finishing off cut and slopes, medians and interchange areas:
C116: (a) Cut slopes | D116: m² | E116: 3756
C117: (b) Fill slopes | D117: m² | E117: 3248
F124: TO SUMMARY
...

Sheet Summary
B1: APPOINTMENT OF A 6CE OR HIGHER CIDB REGISTERED CONTRACTOR FOR CONSTRUCTION OF BLOCK PAVED ROADS AND STORMWATER IN GORTIN TOWNSHIP WARD 01 (MLM 18/2022/23)
B2: ITEM | C2: SUMMARY | D2: AMOUNT
B4: 1200 | C4: SECTION 1200: GENERAL REQUIREMENTS & PROVISIONS
B5: 1300 | C5: SECTION 1300: CONTRACTORS ESTABLISHMENT ON SITE AND GENERAL OBLIGATIONS
B6: 1500 | C6: SECTION 1500: ACCOMMODATION OF TRAFFIC
B7: 1600 | C7: SECTION 1600: OVERHAUL
B8: 1700 | C8: SECTION 1700: CLEARING AND GRUBBING
B9: 2100 | C9: SECTION 2100: DRAINS
B10: 2300 | C10: SECTION 2300: CONCRETE KERBING, CONCRETE CHANNELLING, CHUTES AND DOWNPIPES, AND CONCRETE LININGS FOR OPEN DRAINS
B11: 3300 | C11: SECTION 3300: MASS EARTHWORKS
B12: 3400 | C12: SECTION 3400: PAVEMENT LAYERS OF GRAVEL MATERIAL
B13: 3500 | C13: SECTION 3500: STABILIZATION
B14: 5600 | C14: SECTION 5600: ROAD SIGNS
B15: 5700 | C15: SECTION 5700: ROAD MARKINGS
... B18: 11000 | C18: MISCELLANEOUS ACTION
C20: SUB-TOTAL 1: | E20: =SUM(D6:D18)+D4 -> 0
C21: 10% Contingency
C22: SUB-TOTAL 2:
C23: 15% VAT
C24: TOTAL:

Sheet Combination Summary
C1: MATSIMAHOLO LOCAL MUNICIPALITY TENDER FOR CIVIL ENGINERING WORKS: UPGRADING OF GRAVEL ROADS TO PAVED STANDARDS- METSINAHOLO
C2: SUMMARY | D2: AMOUNT
B4: 1200 | C4: SECTION 1200: GENERAL REQUIREMENTS & PROVISIONS | D4: ='Gortin BOQ Combination'!G31 -> 0
B5: 1300 | C5: SECTION 1300: CONTRACTORS ESTABLISHMENT ON SITE AND GENERAL OBLIGATIONS | D5: ='Gortin BOQ Combination'!G38 -> 0
B6: 1500 | C6: SECTION 1500: ACCOMMODATION OF TRAFFIC | D6: ='Gortin BOQ Combination'!G56 -> 0
B7: 1600 | C7: SECTION 1600: OVERHAUL | D7: ='Gortin BOQ Combination'!G60 -> 0
B8: 1700 | C8: SECTION 1700: CLEARING AND GRUBBING | D8: ='Gortin BOQ Combination'!G71 -> 0
B9: PS1800 | C9: SECTION 1800: DAYWORKS | D9: ='Gortin BOQ Combination'!#REF! -> #REF!
B10: 2100 | C10: SECTION 2100: DRAINS | D10: ='Gortin BOQ Combination'!#REF! -> #REF!
B11: 2200 | C11: SECTION 2200: PREFABRICATED CULVERTS | D11: ='Gortin BOQ Combination'!#REF! -> #REF!
B12: 2300 | C12: SECTION 2300: CONCRETE KERBING, CONCRETE CHANNELLING, CHUTES AND DOWNPIPES, AND CONCRETE LININGS FOR OPEN DRAINS | D12: ='Gortin BOQ Combination'!#REF! -> #REF!
B13: 3100 | C13: SECTION 3100: BORROW MATERIALS | D13: ='Gortin BOQ Combination'!#REF! -> #REF!
B14: 3300 | C14: SECTION 3300: MASS EARTHWORKS | D14: ='Gortin BOQ Combination'!#REF! -> #REF!
B15: 3400 | C15: SECTION 3400: PAVEMENT LAYERS OF GRAVEL MATERIAL | D15: ='Gortin BOQ Combination'!G142 -> 0
B16: 3500 | C16: SECTION 3500: STABILIZATION | D16: ='Gortin BOQ Combination'!#REF! -> #REF!
B17: 3600 | C17: SECTION 3600: CRUSHED STONE BASE | D17: ='Gortin BOQ Combination'!#REF! -> #REF!
B18: 4100 | C18: SECTION 4100: PRIME COAT | D18: ='Gortin BOQ Combination'!#REF! -> #REF!
B19: 4200 | C19: SECTION 4200: ASPHALT BASE SURFACING | D19: ='Gortin BOQ Combination'!#REF! -> #REF!
B20: 5100 | C20: SECTION 5100: PITCHING, STONE WORK AND PROTECTION AGAINST EROSION | D20: ='Gortin BOQ Combination'!#REF! -> #REF!
B21: 5200 | C21: SECTION 5200: GABIONS | D21: ='Gortin BOQ Combination'!#REF! -> #REF!
B22: 5500 | C22: SECTION 5500: FENCING | D22: ='Gortin BOQ Combination'!#REF! -> #REF!
B23: 5600 | C23: SECTION 5600: ROAD SIGNS | D23: ='Gortin BOQ Combination'!#REF! -> #REF!
B24: 5700 | C24: SECTION 5700: ROAD MARKINGS | D24: ='Gortin BOQ Combination'!G175 -> 0
B25: 5800 | C25: SECTION 5800: LANDSCAPING AND PLANTING PLANTS | D25: ='Gortin BOQ Combination'!#REF! -> #REF!
B26: 5900 | C26: SECTION 5900: FINISHING THE ROAD AND ROAD RESERVE AND TREATING OLD ROADS | D26: ='Gortin BOQ Combination'!G180 -> 0
B27: 7300 | C27: SECTION 7300: CONCRETE BLOCK PAVING FOR ROADS | D27: ='Gortin BOQ Combination'!G208 -> 0
B28: 11000 | C28: MISCELEANEOUS ACTION | D28: ='Gortin BOQ Combination'!G256 -> 0
C30: SUB-TOTAL 1: | D30: =SUM(D3:D28) -> #REF! | E30: =SUM(D6:D28)+D4 -> #REF!
C31: 10% Contingency | D31: =D30*10% -> #REF!
C32: SUB-TOTAL 2: | D32: =D30+D31 -> #REF!
C33: 15% VAT | D33: =D32*15% -> #REF!
C34: TOTAL: | D34: =D32+D33 -> #REF!

Sheet Gortin  Quantities
A1: PIPE class | B1: length (m)
A2: 100D Concrete :600 | B2: 100.121 | D2: 75D Concrete :600
A3: 100D Concrete :750 | B3: 136.559 | D3: 100D Concrete :600
A4: 100D Concrete :825 | B4: 75.803 | D4: 75D Concrete :900
A5: 100D Concrete :900 | B5: 181.603 | D5: 100D Concrete :900
A6: 100D Concrete :1050 | B6: 0 | D6: 75D Concrete :1200
A7: 100D Concrete :1200 | B7: 1042.237 | D7: 100D Concrete :1200
A8: 100D Concrete :1500 | B8: 824.497 | D8: 75D Concrete :1500
A9: 100D Concrete :1800 | B9: 336.119 | D9: 100D Concrete :1800
A10: 100D Concrete :1950 | B10: 0
A11: Portal Culvert: 900 x 750 | B11: 61.58
A12: Portal Culvert: 1200 x 900 | B12: 289.855
A13: Portal Culvert: 1200 x 1200 | B13: 219.221
A14: Total | B14: =SUM(B2:B13)+E3+E4 -> 3267.595
A16: EXCAVATION LENGTHS
A17: Link Type and Size | B17: 0.000 to 0.500 | C17: 0.500 to 1.000 | D17: 1.000 to 1.500 | E17: 1.500 to 2.000 | F17: 2.000 to 2.500 | G17: 2.500 to 3.000 | H17: 3.000 to 3.500 | I17: 3.500 to 4.000 | J17: 4.000 to 4.500 | K17: 4.500 to 5.000 | L17: 5.000 to 5.500 | M17: 5.500 to 6.000 | N17: 6.000 to 6.500 | O17: 6.500 to 7.000 | P17: 7.000 to 7.500
A18: 100D Concrete : 600 | B18: 0 | C18: 0 | D18: 0 | E18: 47.362 | F18: 52.759 | G18: 0 | H18: 0 | I18: 0 | J18: 0 | K18: 0 | L18: 0 | M18: 0 | N18: 0 | O18: 0 | P18: 0
A19: 100D Concrete : 750 | B19: 0 | C19: 0 | D19: 0 | E19: 0 | F19: 14.179 | G19: 47.257 | H19: 75.123 | I19: 0 | J19: 0 | K19: 0 | L19: 0 | M19: 0 | N19: 0 | O19: 0 | P19: 0
A20: 100D Concrete : 825 | B20: 0 | C20: 0 | D20: 0 | E20: 0 | F20: 0 | G20: 0 | H20: 67.935 | I20: 7.868 | J20: 0 | K20: 0 | L20: 0 | M20: 0 | N20: 0 | O20: 0 | P20: 0
A21: 100D Concrete : 900 | B21: 0 | C21: 0 | D21: 0 | E21: 2.107 | F21: 32.986 | G21: 133.091 | H21: 3.23 | I21: 10.187 | J21: 0 | K21: 0 | L21: 0 | M21: 0 | N21: 0 | O21: 0 | P21: 0
A22: 100D Concrete : 1200 | B22: 0 | C22: 0 | D22: 0 | E22: 0 | F22: 295.41 | G22: 218.874 | H22: 39.966 | I22: 40.454 | J22: 50.309 | K22: 26.271 | L22: 71.534 | M22: 53.282 | N22: 47.337 | O22: 59.494 | P22: 139.3
A23: 100D Concrete : 1500 | B23: 0 | C23: 0 | D23: 0 | E23: 0 | F23: 0 | G23: 0 | H23: 0 | I23: 0 | J23: 0 | K23: 0 | L23: 0 | M23: 89.371 | N23: 149.871 | O23: 251.914 | P23: 333.339
A24: 100D Concrete : 1800 | B24: 0 | C24: 0 | D24: 0 | E24: 0 | F24: 28.627 | G24: 88.109 | H24: 107.842 | I24: 40.118 | J24: 16.681 | K24: 17.459 | L24: 19.183 | M24: 18.099 | N24: 0 | O24: 0 | P24: 0
A25: Portal Culvert : 900 x 900 | B25: 0 | C25: 0 | D25: 0 | E25: 61.58 | F25: 0 | G25: 0 | H25: 0 | I25: 0 | J25: 0 | K25: 0 | L25: 0 | M25: 0 | N25: 0 | O25: 0 | P25: 0
A26: Portal Culvert : 1200 x 900 | B26: 0 | C26: 0 | D26: 138.627 | E26: 125.205 | F26: 26.023 | G26: 0 | H26: 0 | I26: 0 | J26: 0 | K26: 0 | L26: 0 | M26: 0 | N26: 0 | O26: 0 | P26: 0
A27: Portal Culvert : 1200 x 1200 | B27: 0 | C27: 0 | D27: 8.511 | E27: 92.15 | F27: 114.441 | G27: 4.119 | H27: 0 | I27: 0 | J27: 0 | K27: 0 | L27: 0 | M27: 0 | N27: 0 | O27: 0 | P27: 0
A28: Totals | B28: =SUM(B18:B27) -> 0 | C28: =SUM(C18:C27) -> 0 | D28: =SUM(D18:D27) -> 147.138 | E28: =SUM(E18:E27) -> 328.404 | F28: =SUM(F18:F27) -> 564.425 | G28: =SUM(G18:G27) -> 491.45 | H28: =SUM(H18:H27) -> 294.096 | I28: =SUM(I18:I27) -> 98.627 | ... P28: =SUM(P18:P27) -> 472.639
A30: EXCAVATION VOLUMES
A31: Link Type and Size | B31: 0.000 to 0.500 | C31: 0.500 to 1.000 | D31: 1.000 to 1.500 | E31: 1.500 to 2.000 | F31: 2.000 to 2.500 | G31: 2.500 to 3.000 | H31: 3.000 to 3.500 | I31: 3.500 to 4.000 | J31: 4.000 to 4.500 | K31: 4.500 to 5.000 | L31: 5.000 to 5.500 | M31: 5.500 to 6.000 | N31: 6.000 to 6.500 | O31: 6.500 to 7.000 | P31: 7.000 to 7.500
A32: 100D Concrete : 600 | B32: 0 | C32: 0 | D32: 0 | E32: 115.772 | F32: 151.6 | G32: 0 | H32: 0 | I32: 0 | J32: 0 | K32: 0 | L32: 0 | M32: 0 | N32: 0 | O32: 0 | P32: 0
A33: 100D Concrete : 750 | B33: 0 | C33: 0 | D33: 0 | E33: 0 | F33: 58.713 | G33: 218.048 | H33: 407.907 | I33: 0 | J33: 0 | K33: 0 | L33: 0 | M33: 0 | N33: 0 | O33: 0 | P33: 0
A34: 100D Concrete : 825 | B34: 0 | C34: 0 | D34: 0 | E34: 0 | F34: 0 | G34: 0 | H34: 392.743 | I34: 49.084 | J34: 0 | K34: 0 | L34: 0 | M34: 0 | N34: 0 | O34: 0 | P34: 0
A35: 100D Concrete : 900 | B35: 0 | C35: 0 | D35: 0 | E35: 7.317 | F35: 138.121 | G35: 686.049 | H35: 19.53 | I35: 66.941 | J35: 0 | K35: 0 | L35: 0 | M35: 0 | N35: 0 | O35: 0 | P35: 0
A36: 100D Concrete : 1200 | B36: 0 | C36: 0 | D36: 0 | E36: 0 | F36: 1575.794 | G36: 1371.104 | H36: 307.236 | I36: 354.105 | J36: 512.843 | K36: 297.289 | L36: 884.819 | M36: 724.063 | N36: 699.396 | O36: 950.665 | P36: 2350.853
A37: 100D Concrete : 1500 | B37: 0 | C37: 0 | D37: 0 | E37: 0 | F37: 0 | G37: 0 | H37: 0 | I37: 0 | J37: 0 | K37: 0 | L37: 0 | M37: 1401.663 | N37: 2511.433 | O37: 4637.987 | P37: 6350.444
A38: 100D Concrete : 1800 | B38: 0 | C38: 0 | D38: 0 | E38: 0 | F38: 192.502 | G38: 755.431 | H38: 1019.08 | I38: 453.946 | J38: 211.051 | K38: 253.82 | L38: 305.5 | M38: 305.977 | N38: 0 | O38: 0 | P38: 0
A39: Portal Culvert : 900 x 900 | B39: 0 | C39: 0 | D39: 0 | E39: 215.293 | F39: 0 | G39: 0 | H39: 0 | I39: 0 | J39: 0 | K39: 0 | L39: 0 | M39: 0 | N39: 0 | O39: 0 | P39: 0
A40: Portal Culvert : 1200 x 900 | B40: 0 | C40: 0 | D40: 444.462 | E40: 516.049 | F40: 136.586 | G40: 0 | H40: 0 | I40: 0 | J40: 0 | K40: 0 | L40: 0 | M40: 0 | N40: 0 | O40: 0 | P40: 0
A41: Portal Culvert : 1200 x 1200 | B41: 0 | C41: 0 | D41: 30.684 | E41: 412.516 | F41: 637.135 | G41: 25.479 | H41: 0 | I41: 0 | J41: 0 | K41: 0 | L41: 0 | M41: 0 | N41: 0 | O41: 0 | P41: 0
A42: Totals | B42: =SUM(B32:B41) -> 0 | C42: =SUM(C32:C41) -> 0 | D42: =SUM(D32:D41) -> 475.146 | E42: =SUM(E32:E41) -> 1266.947 | F42: =SUM(F32:F41) -> 2890.451 | G42: =SUM(G32:G41) -> 3056.111 | H42: =SUM(H32:H41) -> 2146.496 | I42: =SUM(I32:I41) -> 924.076 | ... P42: =SUM(P32:P41) -> 8701.297 | Q42: =SUM(B42:P42) -> 33157.03
A44: BEDDING VOLUME
A45: Bedding Class | B45: Bedding Material (m³) | C45: Selected Backfill (m³) | D45: General backfill (m³)
A46: Class B | B46: 3873.797 | C46: 4532.023 | D46: 17554.363
A47: Box Culverts | B47: 165.566 | C47: 953.594 | D47: 192.172
A48: Portal Culverts | B48: 28.755 | C48: 155.414 | D48: 63.11
A49: Total | B49: =SUM(B46:B48) -> 4068.118 | C49: =SUM(C46:C48) -> 5641.031 | D49: =SUM(D46:D48) -> 17809.645
A51: manhole Depth
B52: 0. - 0.5 m | C52: 0.5 - 1 m | D52: 1 - 1.5 m | E52: 1.5 - 2 m | F52: 2 - 2.5 m | G52: 2.5 - 3 m | H52: 3 - 3.5 m | I52: 3.5- 4 m | J52: 4 - 4.5 m | K52: 4.5 - 5 m | L52: 5 - 5.5 m | M52: 5.5 - 6 m | N52: 6-6,5 m | O52: 6,5- 7 m
A54: Total | B54: 0 | C54: 0 | D54: 6 | E54: 7 | F54: 11 | G54: 8 | H54: 4 | I54: 1 | J54: 0 | K54: 2 | L54: 1 | M54: 3 | N54: 2 | O54: 11
A58: Link Type and Size | B58: 0.000 to 0.500 | C58: 0.500 to 1.000 | D58: 1.000 to 1.500 | E58: 1.500 to 2.000 | F58: 2.000 to 2.500 | G58: 2.500 to 3.000 | H58: 3.000 to 3.500 | I58: 3.500 to 4.000 | J58: 4.000 to 4.500 | K58: 4.500 to 5.000 | L58: 5.000 to 5.500 | M58: 5.500 to 6.000 | N58: 6.000 to 6.500 | O58: 6.500 to 7.000 | P58: 7.000 to 7.500
A59: 100D Concrete : 600 | C59: 0 | D59: 0 | E59: 115.772 | F59: 151.6 | G59: 0 | H59: 0 | I59: 0 | J59: 0 | K59: 0 | L59: 0 | M59: 0 | N59: 0 | O59: 0 | P59: 0
A60: 100D Concrete : 750 | B60: 0 | C60: 0 | D60: 0 | E60: 0 | F60: 58.713 | G60: 218.048 | H60: 407.907 | I60: 0 | J60: 0 | K60: 0 | L60: 0 | M60: 0 | N60: 0 | O60: 0 | P60: 0
A61: 100D Concrete : 825 | B61: 0 | C61: 0 | D61: 0 | E61: 0 | F61: 0 | G61: 0 | H61: 392.743 | I61: 49.084 | J61: 0 | K61: 0 | L61: 0 | M61: 0 | N61: 0 | O61: 0 | P61: 0
A62: 100D Concrete : 900 | B62: 0 | C62: 0 | D62: 0 | E62: 7.317 | F62: 138.121 | G62: 686.049 | H62: 19.53 | I62: 66.941 | J62: 0 | K62: 0 | L62: 0 | M62: 0 | N62: 0 | O62: 0 | P62: 0
A63: 100D Concrete : 1200 | B63: 0 | C63: 0 | D63: 0 | E63: 0 | F63: 1575.794 | G63: 1371.104 | H63: 307.236 | I63: 354.105 | J63: 512.843 | K63: 297.289 | L63: 884.819 | M63: 724.063 | N63: 699.396 | O63: 950.665 | P63: 2350.853
A64: 100D Concrete : 1500 | B64: 0 | C64: 0 | D64: 0 | E64: 0 | F64: 0 | G64: 0 | H64: 0 | I64: 0 | J64: 0 | K64: 0 | L64: 0 | M64: 1401.663 | N64: 2511.433 | O64: 4637.987 | P64: 6350.444
A65: 100D Concrete : 1800 | B65: 0 | C65: 0 | D65: 0 | E65: 0 | F65: 192.502 | G65: 755.431 | H65: 1019.08 | I65: 453.946 | J65: 211.051 | K65: 253.82 | L65: 305.5 | M65: 305.977 | N65: 0 | O65: 0 | P65: 0
A66: Portal Culvert : 900 x 900 | B66: 0 | C66: 0 | D66: 0 | E66: 215.293 | F66: 0 | G66: 0 | H66: 0 | I66: 0 | J66: 0 | K66: 0 | L66: 0 | M66: 0 | N66: 0 | O66: 0 | P66: 0
A67: Portal Culvert : 1200 x 900 | B67: 0 | C67: 0 | D67: 444.462 | E67: 516.049 | F67: 136.586 | G67: 0 | H67: 0 | I67: 0 | J67: 0 | K67: 0 | L67: 0 | M67: 0 | N67: 0 | O67: 0 | P67: 0
A68: Portal Culvert : 1200 x 1200 | B68: 0 | C68: 0 | D68: 30.684 | E68: 412.516 | F68: 637.135 | G68: 25.479 | H68: 0 | I68: 0 | J68: 0 | K68: 0 | L68: 0 | M68: 0 | N68: 0 | O68: 0 | P68: 0
A69: Totals | B69: =SUM(B59:B68) -> 0 | C69: =SUM(C59:C68) -> 0 | D69: =SUM(D59:D68) -> 475.146 | E69: =SUM(E59:E68) -> 1266.947 | F69: =SUM(F59:F68) -> 2890.451 | G69: =SUM(G59:G68) -> 3056.111 | H69: =SUM(H59:H68) -> 2146.496 | I69: =SUM(I59:I68) -> 924.076 | ... P69: =SUM(P59:P68) -> 8701.297

Sheet Sheet2
A2: Item | B2: Description | C2: AMOUNT
A3: 1200 | B3: GENERAL REQUIREMENTS & PROVISIONS | C3: =#REF! -> #REF!
A4: 1300 | B4: CONTRACTORS ESTABLISHMENT ON SITE AND GENERAL OBLIGATIONS | C4: =#REF! -> #REF!
A5: 1500 | B5: ACCOMMODATION OF TRAFFIC | C5: =#REF! -> #REF!
A6: 1600 | B6: OVERHAUL | C6: =#REF! -> #REF!
A7: 1700 | B7: CLEARING AND GRUBBING | C7: =#REF! -> #REF!
A8: PS1800 | B8: DAYWORKS | C8: =#REF! -> #REF!
A9: 2100 | B9: DRAINS | C9: =#REF! -> #REF!
A10: 2200 | B10: PREFABRICATED CULVERTS | C10: =#REF! -> #REF!
A11: 2300 | B11: CONCRETE KERBING, CONCRETE CHANNELLING, CHUTES AND DOWNPIPES, AND CONCRETE LININGS FOR OPEN DRAINS | C11: =#REF! -> #REF!
A12: 3100 | B12: BORROW MATERIALS | C12: =#REF! -> #REF!
A13: 3300 | B13: MASS EARTHWORKS | C13: =#REF! -> #REF!
A14: 3400 | B14: PAVEMENT LAYERS OF GRAVEL MATERIAL | C14: =#REF! -> #REF!
A15: 3500 | B15: STABILIZATION | C15: =#REF! -> #REF!
A16: 3600 | B16: CRUSHED STONE BASE | C16: =#REF! -> #REF!
A17: 4100 | B17: PRIME COAT | C17: =#REF! -> #REF!
A18: 4200 | B18: ASPHALT BASE SURFACING | C18: =#REF! -> #REF!
A19: 5100 | B19: PITCHING, STONE WORK AND PROTECTION AGAINST EROSION | C19: =#REF! -> #REF!
A20: 5200 | B20: GABIONS | C20: =#REF! -> #REF!
... A27: 11000 | B27: MISCELEANEOUS ACTION | C27: =#REF! -> #REF!
B29: SUB-TOTAL 1: | C29: =SUM(C3:C27) -> #REF!
B30: 10% Contingency | C30: =C29*10% -> #REF!
B31: SUB-TOTAL 2: | C31: =C29+C30 -> #REF!
B32: 15% VAT | C32: =C31*15% -> #REF!
B33: TOTAL: | C33: =C31+C32 -> #REF!
